[Event "Israeli Championship 2022"]
[Site "Yosiah Arad"]
[Date "2022.12.08"]
[Round "4.10"]
[White "Rozen, Eytan"]
[Black "Shohat, Yotam"]
[Result "1-0"]
[ECO "B07"]
[WhiteElo "2459"]
[BlackElo "2294"]
[Annotator "TA"]
[PlyCount "97"]
[EventDate "2022.12.05"]
[EventType "swiss"]
[EventCountry "ISR"]
[SourceTitle "playchess.com"]
[Source "ChessBase"]
[SourceQuality "1"]
[TimeControl "40/5400+30:1800+30"]

1. d4 Nf6 2. Nf3 g6 3. Nbd2 Bg7 4. e4 O-O 5. Bd3 d6 6. O-O c5 {[%emt 0:02:48] B07: Pirc Defence: Miscellaneous Systems.} 7. dxc5 dxc5 8. Qe2 Nc6 {[%emt 0:00:45] The position is equal.} 9. c3 Qc7 (9... Nh5 $5 10. Nb3 b6 $11) 10. a4 Rd8 (10... Nh5 $5 ) 11. Nc4 Nh5 12. Rd1 {[%emt 0:09:16] [#]} Be6 $146 ({Predecessor:} 12... b6 13. Be3 Bb7 14. Qc2 Nf6 15. Bg5 h6 16. Bxf6 Bxf6 17. Ne3 e6 18. Be2 h5 19. Rxd8+ Rxd8 {0-1 (43) Kleibel,U (2114)-Istratescu,A (2651) Deizisau 2013}) 13. Be3 Nf4 14. Bxf4 Qxf4 15. g3 Qg4 16. Ne3 {[%emt 0:03:47] Pair of Knights!} Qh5 {[%emt 0:00:20][%cal Od8d3] ...Rxd3! is the strong threat.} 17. Bc4 Bh3 18. Rxd8+ (18. a5 $14) 18... Rxd8 $11 19. Rd1 Rxd1+ 20. Qxd1 Bh6 21. Nd5 Bg4 22. Be2 Kg7 23. Nc7 Bc1 24. h3 (24. h4 {keeps more tension.} Bxb2 25. Ng5 Bxe2 26. Qd5) 24... Bxf3 25. Bxf3 Qg5 26. e5 Nxe5 27. Bxb7 Bxb2 28. Ne8+ Kh6 29. Kg2 Bc1 (29... Bxc3 30. f4 Qf5 31. fxe5 Bxe5 32. Qc1+ g5 33. Qxc5 $16) 30. Qd8 {[%emt 0:02:15] aiming for h4.} (30. Qd5 {looks sharper.} Qf5 31. Qxc5 Qd7 32. Qxe5 Qxb7+ 33. Kg1) 30... Nc4 $2 {[%emt 0:02:26][%mdl 8192] [#] A mistake that costs the game.} (30... Be3 $1 $11 {and Black stays safe.} 31. fxe3 Qxe3) 31. Nd6 $1 $18 {[%emt 0:00:10][%mdl 576] Intending Qf8+ and mate.} Ne3+ (31... exd6 {is a self mate.} 32. Qf8+ Kh5 33. Bf3+ (33. Qxf7 Ne5 $18)) 32. fxe3 {[%emt 0:00:03] Qf8+ would kill now.} Kg7 {[%emt 0:00:22] Inhibits Qf8+.} 33. Nc4 {[%emt 0:10:23] Black must now prevent Qd1.} Bxe3 34. Qd5 Qxd5+ 35. Bxd5 Bg5 36. Ne5 {[%emt 0:00:37][%cal Oe5c6] And now Nc6! would win.} e6 37. Bc4 {[%emt 0:00:05] Threatens to win with Nc6.} Bf6 $2 (37... Bd8 38. Nc6 Bb6) 38. Nc6 Bxc3 39. Nxa7 Kf8 40. Nc6 {[%emt 0:01:21] Hoping for a5.} Ke8 41. Bb5 Kd7 42. Ne5+ Kd6 43. Nc4+ ({Don't play} 43. Nxf7+ Kd5 44. Ng5 h6 $18) 43... Kc7 44. Be8 f5 45. Bf7 {[%emt 0:00:00] White is clearly winning.} e5 46. Bg8 h5 47. Bh7 Kc6 48. Bxg6 Kd5 {[%emt 0:00:00] [#]} 49. a5 $1 {[%emt 0:00:00] Weighted Error Value: White=0.16 (very precise) /Black=0.26 (precise)} 1-0

[Event "Israeli Championship 2022"]
[Site "Yosiah Arad"]
[Date "2022.12.08"]
[Round "4.11"]
[White "Zemach, Nadav"]
[Black "Tzidkiya, Yeshaayahu"]
[Result "1-0"]
[ECO "E62"]
[WhiteElo "2402"]
[BlackElo "2444"]
[Annotator "TA"]
[PlyCount "48"]
[EventDate "2022.12.05"]
[EventType "swiss"]
[EventCountry "ISR"]
[SourceTitle "playchess.com"]
[Source "ChessBase"]
[SourceQuality "1"]
[TimeControl "40/5400+30:1800+30"]

1. d4 Nf6 2. c4 g6 3. g3 Bg7 4. Bg2 O-O 5. Nc3 d6 6. Nf3 Bf5 7. Nh4 Bc8 8. Nf3 Qe8 {[%emt 0:00:37] 8...c6 is the modern continuation. E62: King's Indian: Fianchetto: 6...c6 and Panno Variation (6...Nc6) without ...a6.} (8... Bf5 $11) 9. O-O e5 10. e4 Bg4 {[%emt 0:00:58] White is slightly better.} 11. d5 Na6 12. h3 Bd7 13. Ne1 Nh5 14. Nd3 f5 {[%emt 0:27:47][%cal Bf7f5,Bf5f4,Bf4g3][%mdl 32] [#]} 15. Re1 $146 ({Predecessor:} 15. b4 Nf6 16. Kh2 Qc8 17. f3 c6 18. dxc6 bxc6 19. Ba3 Nc7 20. c5 d5 21. Nxe5 f4 22. g4 Nxg4+ 23. hxg4 Bxe5 {0-1 (28) Raznikov,D (2490)-Ipatov,A (2614) Yerevan 2014}) 15... b6 16. b4 Nf6 17. Kh2 Qc8 18. h4 ({White should play} 18. exf5 $14 Bxf5 19. a3) 18... f4 $11 19. Bf3 (19. Rb1 $11 {keeps the balance.}) 19... Bg4 $17 20. Kg1 $2 {[%emt 0:10:45] [#] Now White is beyond hope.} (20. Rg1 $17 {was called for.}) 20... fxg3 $1 $19 {[%emt 0:01:08] White must now prevent ...Bxf3.} 21. Bxg4 Qxg4 (21... Nxg4 $2 {loses.} 22. fxg3 Nxb4 23. Re2 $19 (23. Nxb4 $2 {is the wrong capture.} Nf2 $19)) 22. Qxg4 Nxg4 23. Kg2 {[%emt 0:01:21] Prevents Rf3.} Nxf2 ({Not} 23... gxf2 24. Rf1 $19) 24. Re3 Nxd3 {[%emt 0:00:00][%mdl 32768] Weighted Error Value: White=0.41/Black=0.15 (very precise) . Loss on time!?} 1-0

[Event "Israeli Championship 2022"]
[Site "Yosiah Arad"]
[Date "2022.12.08"]
[Round "4.12"]
[White "Barak, Gil"]
[Black "Aizenberg, Benny"]
[Result "0-1"]
[ECO "B90"]
[WhiteElo "2147"]
[BlackElo "2375"]
[Annotator "TA"]
[PlyCount "104"]
[EventDate "2022.12.05"]
[EventType "swiss"]
[EventCountry "ISR"]
[SourceTitle "playchess.com"]
[Source "ChessBase"]
[SourceQuality "1"]
[TimeControl "40/5400+30:1800+30"]

1. e4 c5 2. Nf3 d6 3. d4 cxd4 4. Nxd4 Nf6 5. Nc3 a6 6. f3 e5 7. Nb3 Be7 8. Be3 Be6 9. Qd2 Nbd7 10. g4 b5 11. g5 Nh5 12. Nd5 {[%emt 0:04:38] B90: Sicilian Najdorf: Unusual White 6th moves, 6 Be3 Ng4 and 6 Be3 e5.} Bxd5 13. exd5 (13. Qxd5 $11 O-O 14. Qd2) 13... h6 ({Black should try} 13... Nf4 $1 $15) 14. gxh6 $11 {[%emt 0:28:34] The position is equal.} Bh4+ {[%emt 0:00:07] [#]} 15. Bf2 $146 (15. Kd1 $11) ({Predecessor:} 15. Kd1 g6 16. a4 Qf6 17. Be2 O-O 18. Kc1 Nf4 19. Bf1 Bg5 20. Kb1 b4 21. a5 {0-1 (40) Blimke,D (2280)-Dworakowska,J (2325) Wroclaw 1999}) 15... Bg5 (15... gxh6 16. a4 $15) (15... Rxh6 $17 {Hoping for ...Nb6.} 16. a4 Nf4 17. axb5 Bxf2+ 18. Qxf2 axb5 19. Rxa8 Qxa8 20. Bxb5 Qxd5) 16. Be3 {[%emt 0:02:33] Prevents Nb6. White does not recover from this.} ({Better is} 16. Qa5 $15) 16... Bxe3 $19 (16... gxh6 17. O-O-O $15) (16... Bxh6 17. O-O-O) 17. Qxe3 Qh4+ (17... gxh6 18. O-O-O $17) 18. Qf2 Qxf2+ 19. Kxf2 Rxh6 20. a4 {[%emt 0:10:40] [#]} b4 21. Na5 Nf4 22. Nc4 Ke7 23. Ne3 g6 {[%emt 0:02:56] Prevents Nf5+. Black has more active pieces. The white rooks are badly placed.} 24. a5 Nc5 {[%emt 0:02:17] Pair of Knights!} 25. b3 Rah8 26. Kg3 f5 27. Rd1 $2 (27. h3) 27... Rh4 28. Ng2 Rh3+ 29. Kf2 {[%emt 0:00:01] [#] Threatens to win with Nxf4.} Nxg2 (29... Rxh2 30. Rxh2 Rxh2 31. Kg1 Nxg2 32. Kxh2 $15) 30. Kxg2 Kf6 31. Bc4 Kg5 32. c3 $2 (32. Rde1 {might work better.}) 32... bxc3 {[%emt 0:00:06] And now ...e4 would win.} 33. Rc1 e4 34. fxe4 (34. Rxc3 $142 Kf4 35. Be2) 34... fxe4 {[%emt 0:00:09] Black is clearly winning.} 35. b4 Nd3 36. Bxd3 Rxd3 {[%emt 0:00:05][%mdl 4096] Endgame KRR-KRR} (36... exd3 $2 37. Rxc3 Kf4 38. b5 axb5 39. Rb3 $19) 37. Rc2 Rd2+ (37... Rxd5 $2 38. Rxc3 Rb8 39. Rb3 $19) 38. Rxd2 cxd2 {[%emt 0:00:07] KR-KR} 39. Rd1 e3 40. Kf3 {[%emt 0:00:32] Against e2} Rh3+ ({Weaker is} 40... Rxh2 41. Kxe3 Kf5 42. Rxd2 $11) 41. Ke2 Kf4 ({And not} 41... Rxh2+ 42. Kxe3 Kf5 43. Rxd2 $11) 42. Kd3 Rxh2 43. Rf1+ Rf2 44. Ra1 Kf3 45. b5 axb5 {[%emt 0:00:19] ( -> ...b4)} 46. a6 d1=N 47. Rxd1 Ra2 48. Rf1+ Kg2 49. Rf6 e2 ({Not} 49... Rxa6 50. Rxg6+ Kf3 51. Rf6+ Kg4 52. Kxe3 $11) 50. Rxg6+ Kf1 51. Rf6+ Ke1 52. Rh6 Kd1 {[%emt 0:00:00] Weighted Error Value: White=0.69/Black=0.11 (very precise)} 0-1

[Event "Israeli Championship 2022"]
[Site "Yosiah Arad"]
[Date "2022.12.08"]
[Round "4.13"]
[White "Ben-Menachem, Itzhak"]
[Black "Iliaguev, Nisim"]
[Result "0-1"]
[ECO "A35"]
[WhiteElo "2291"]
[BlackElo "2364"]
[Annotator "TA"]
[PlyCount "192"]
[EventDate "2022.12.05"]
[EventType "swiss"]
[EventCountry "ISR"]
[SourceTitle "playchess.com"]
[Source "ChessBase"]
[SourceQuality "1"]
[TimeControl "40/5400+30:1800+30"]

1. d4 Nf6 2. c4 c5 3. e3 g6 4. Nf3 Bg7 5. Nc3 O-O 6. Be2 cxd4 7. Nxd4 Nc6 8. O-O d6 {[%emt 0:00:39] 8...d5 injects fresh life into this line.} 9. h3 {[%emt 0:00:00] A35: Symmetrical English: 2 Nc3 Nc6 3 Nf3.} Bd7 10. b3 Rc8 11. Bb2 {[%emt 0:00:00] The position is equal.} a6 12. Qd2 Qa5 13. Rfd1 Rfd8 {[%emt 0:06:04] [#]} 14. Nf3 $146 ({Predecessor:} 14. Bf3 Nxd4 15. Qxd4 Ne8 16. Qd2 Bc6 17. Bxc6 bxc6 18. e4 e5 19. Qe3 Qc7 20. Rd3 {1-0 (50) Lukasik,A (1968)-Sliwicki,D (2045) Szczyrk 2014}) 14... Be8 15. Rac1 e6 16. a3 Qb6 17. b4 {[%emt 0:00:00] Inhibits Na5.} Ne7 18. Qc2 a5 19. Qb3 axb4 20. axb4 ({But not} 20. Qxb4 Qxb4 21. axb4 d5 $11) 20... d5 21. Nd2 Nf5 22. c5 Qc7 23. Nb5 {[%emt 0:00:52] Prevents d4.} Bxb5 24. Bxb5 h5 25. Nf3 Ne8 26. Bxg7 Nexg7 27. Qb2 b6 (27... Qe7 $142) 28. Bd3 bxc5 29. bxc5 (29. Rxc5 $16 Qb7 30. Rcc1) 29... Ne7 $14 30. Ne5 Nc6 31. Nxc6 Qxc6 32. Qf6 Ne8 33. Qg5 Kg7 34. Rc2 Nf6 35. Rb1 (35. Qe5 {simplifies} Qc7 36. Qb2 Rb8 37. Qa1) 35... d4 36. exd4 (36. Qf4 {simplifies} Qc7 37. Rc4 Qxf4 38. exf4 Nd5 39. Rxd4 Rxc5 40. Be4) 36... Rxd4 37. Bb5 Qe4 $36 {[%emt 0:02:17][%mdl 2048] Black fights for an advantage.} (37... Qd5 {simplifies} 38. Qxd5 Nxd5 39. Ba6 Rc7) 38. Rbc1 (38. Qc1 $1 $11) 38... Rd5 $1 $17 39. Qe3 Qxe3 40. fxe3 Ne4 41. Be2 Rdxc5 {[%emt 0:04:10] Black is more active.} 42. Rxc5 Rxc5 43. Rxc5 Nxc5 {[%emt 0:00:01][%mdl 4096] Endgame KB-KN} 44. h4 Ne4 45. Bf3 (45. Bd3 $17 f5 46. Bb5) 45... Ng3 (45... f5 $1 $19 {and Black stays clearly on top.} 46. Be2 Kf7) 46. Kf2 Nf5 47. g3 Kf6 48. Bd1 Ke5 49. Kf3 Nd6 50. Bb3 Ne4 {[%emt 0:00:27] aiming for ...Nd2+.} 51. Ba4 Nd2+ 52. Ke2 Nc4 53. Bb3 Na5 54. Ba4 Nc4 55. Bb3 $1 Nb6 56. Kf3 Nd5 57. Ba4 Kf6 58. Be8 e5 59. Bc6 Nc7 60. Ba4 Ne6 61. Bc6 Nc5 62. Bd5 Ke7 63. Bc4 f6 64. Ba2 Kf8 ({Better is} 64... f5 $17) 65. Bb1 Kg7 66. Bc2 Nb7 67. Ke4 Nd6+ $1 68. Kd5 Nf7 69. Ke4 Nh6 70. Ba4 Nf5 71. Kf3 Nd6 72. Bb3 Kh6 73. Bd5 g5 {[%emt 0:01:21] And now ...gxh4 would win.} 74. hxg5+ fxg5 75. Be6 g4+ 76. Kf2 Kg5 77. Kg2 h4 ({Black should play} 77... Nb7 $17) 78. gxh4+ $11 Kxh4 79. Kh2 $1 Ne4 80. Kg2 {[%emt 0:00:24] Against Nf2} Nc3 81. Bb3 $1 {[%emt 0:00:23] Inhibits Nd1.} Ne4 82. Bd5 Nd6 83. Be6 $1 {[%emt 0:00:04] Inhibits Nf5.} Kg5 84. Kg3 $1 Ne4+ 85. Kg2 Nc5 86. Bc8 (86. Bg8 $1 $11 {was the only way to keep the balance.}) 86... Kh4 $1 $17 87. Bf5 Na4 $1 88. Be6 Nc3 (88... Nb2 $1 $17 {[%cal Rb2d1] ( -> ...Nd1)} 89. Bb3 Nd3) 89. Bb3 $1 $11 g3 90. Be6 Nd1 91. e4 Ne3+ 92. Kf3 Nc2 (92... g2 $5 93. Kf2 $8 Kg5 $1 $11) 93. Kg2 $2 {[%emt 0:01:13][%mdl 8192] [#] Now White is beyond hope.} (93. Bf5 $11 Nb4 94. Bd7) 93... Ne1+ $1 {[%emt 0:00:37] Black mates.} ({And not} 93... Ne3+ 94. Kf3 Nf1 95. Bf5 Nh2+ 96. Kg2 $11) 94. Kf1 Nd3 95. Bc4 Nf4 96. Kg1 Kg4 {[%emt 0:00:11] Weighted Error Value: White=0.14 (very precise) /Black=0.13 (very precise)} 0-1

[Event "Israeli Championship 2022"]
[Site "Yosiah Arad"]
[Date "2022.12.08"]
[Round "4.14"]
[White "Uritsky, Yonathan"]
[Black "Kupervaser, Erez"]
[Result "1/2-1/2"]
[ECO "B60"]
[WhiteElo "2216"]
[BlackElo "2331"]
[Annotator "TA"]
[PlyCount "111"]
[EventDate "2022.12.05"]
[EventType "swiss"]
[EventCountry "ISR"]
[SourceTitle "playchess.com"]
[Source "ChessBase"]
[SourceQuality "1"]
[TimeControl "40/5400+30:1800+30"]

1. e4 c5 2. Nf3 Nc6 3. d4 cxd4 4. Nxd4 Nf6 5. Nc3 d6 6. Bg5 g6 7. Bxf6 exf6 8. Bc4 (8. Bb5 $5 Bd7 9. Qd3 $14) 8... Bg7 {[%emt 0:00:06] B60: Sicilian: Richter-Rauzer: Unusual Black 6th moves and 6...Bd7 without 7 Qd2.} 9. Ndb5 {[%emt 1:25:12] Pair of Knights!} O-O 10. Qxd6 (10. Qd2 {simplifies} a6 11. Nxd6 Qc7 12. Nxc8 Raxc8 13. O-O) 10... f5 {[%emt 0:00:51] [#] White is slightly better.} 11. Rd1 $146 ({Predecessor:} 11. O-O-O Qg5+ 12. f4 Qxg2 13. e5 Bh6 14. Rhf1 Qxh2 15. Nd5 Be6 16. Nf6+ Kh8 17. Bxe6 fxe6 {0-1 (34) Solodovnichenko,Y (2521)-Edouard,R (2548) Cap d'Agde 2022}) 11... Qa5 12. Qa3 (12. Qg3 $11) 12... Qxa3 (12... a6 {is more complex.} 13. Qxa5 Nxa5 14. Nd6 Nxc4 15. Nxc4 Be6) 13. Nxa3 fxe4 14. O-O Bf5 15. Bd5 Rac8 16. Nab5 Rfd8 {[%emt 0:11:41] Inhibits Nd6.} 17. Bxe4 Bxe4 18. Nxe4 Bxb2 19. c3 {[%emt 0:00:00] Prevents Nd4.} Rxd1 20. Rxd1 f5 21. Nc5 {[%emt 0:00:00] [#] Na4 is the strong threat.} a6 22. Nd6 Rc7 23. Ndxb7 Bxc3 24. Nd8 Nd4 25. Nde6 Nxe6 26. Nxe6 $11 {[%emt 0:00:00][%mdl 4096] Endgame KRB-KRN} Rc6 27. Nf4 {[%emt 0:00:00] [#]} Bd2 $1 28. Nd5 {[%emt 0:00:00] Black must now prevent Ne7+.} (28. Nd3 Rc2) 28... Rc2 29. a4 Kf7 30. Kf1 a5 31. Ke2 Bb4+ 32. Kf3 Bc5 (32... Ra2 $17) 33. Ne3 Ra2 (33... Bxe3 {simplifies} 34. Kxe3 Ke6 35. Rd4 Ra2) 34. Rd7+ Ke6 35. Rxh7 Rxa4 36. Rg7 {[%emt 0:00:00] Against g5} Kf6 37. Rc7 Bd4 38. Rc6+ Kg7 39. Rc7+ Kf6 40. Rc6+ Kg7 41. Rc7+ Kh6 42. Rc6 Kh5 43. h3 Ra3 ({Better is} 43... Bxe3 $11 44. Kxe3 Ra3+ 45. Kd4 Ra2) 44. g4+ $17 fxg4+ 45. hxg4+ Kg5 46. Ke4 Bxe3 47. fxe3 $11 {[%emt 0:00:00] KR-KR} Ra4+ ({Don't play} 47... Kxg4 $6 48. Rxg6+ Kh5 49. Rg7 $11) (47... Ra1 $17) 48. Kf3 {[%emt 0:00:00] The position is equal.} Rxg4 49. Rc5+ Kh4 50. Rxa5 Rg3+ 51. Kf2 g5 52. Ra8 Kg4 53. Re8 Rf3+ 54. Kg2 {[%emt 0:00:00] Re4+ would kill now.} Rg3+ 55. Kf2 Rf3+ 56. Kg2 $1 {[%emt 0:00:00] Weighted Error Value: White=0.07 (flawless) /Black=0.06 (flawless)} 1/2-1/2

[Event "Israeli Championship 2022"]
[Site "Yosiah Arad"]
[Date "2022.12.08"]
[Round "4.15"]
[White "Shimshovich, Asaf"]
[Black "Sitbon, Itay"]
[Result "0-1"]
[ECO "D00"]
[WhiteElo "1941"]
[BlackElo "2092"]
[Annotator "TA"]
[PlyCount "54"]
[EventDate "2022.12.05"]
[EventType "swiss"]
[EventCountry "ISR"]
[SourceTitle "playchess.com"]
[Source "ChessBase"]
[SourceQuality "1"]
[TimeControl "40/5400+30:1800+30"]

1. d4 Nf6 2. Bf4 d5 3. Nc3 a6 4. e3 c5 5. Nf3 {[%emt 0:03:15] [#]} Nh5 $146 (5... e6 $11) ({Predecessor:} 5... cxd4 6. exd4 Bg4 7. Be2 Nc6 8. Ne5 Bxe2 9. Nxe2 e6 10. c3 Be7 11. h4 h5 {0-1 (31) Vachier Lagrave,M (2749)-Karjakin,S (2757) Krasnaya Polyana 2021}) 6. Be5 {[%emt 0:23:53] D00: 1 d4 d5: Unusual lines.} Nc6 7. h3 (7. dxc5 f6 8. Nd4) (7. dxc5 $14 f6 8. Nd4) 7... e6 $11 8. g4 {[%emt 0:01:50] The position is equal.} Nf6 9. Bg2 Be7 10. g5 (10. Bg3) (10. Bg3 $11 {keeps the balance.}) 10... Nxe5 $17 11. Nxe5 Nd7 12. Nxd7 ({Better is} 12. h4) 12... Bxd7 13. h4 Qb6 14. Qd2 cxd4 15. exd4 (15. Qxd4 $17 Qxd4 16. exd4) 15... Qxb2 $19 16. Rb1 Qa3 17. Nd1 b5 18. Rb2 Rc8 19. O-O h6 20. g6 $2 {[%emt 0:04:16] [#]} (20. c3) 20... fxg6 21. Rb3 Qxa2 22. Ne3 O-O (22... Bxh4 $2 23. Qd3 $19) 23. Qd3 Be8 (23... Bxh4 $2 {perishes.} 24. Ra3 Qb2 25. Rb3 Bxf2+ 26. Kh1 $17) 24. Bh3 Rc6 ({Worse is} 24... Bxh4 25. Bxe6+ Bf7 26. Bxc8 (26. Ra3 Qb2 $11) 26... Rxc8 27. Ra3 $11) 25. Qe2 (25. Rc3 {was called for.} Rb6 26. Ng4) 25... Bf7 {[%emt 0:00:00] Black is clearly winning.} 26. Qg4 Rxc2 27. Nxc2 Qxb3 {[%emt 0:00:00] Weighted Error Value: White=0.56/Black=0.16 (very precise)} 0-1

[Event "Israeli Championship 2022"]
[Site "Yosiah Arad"]
[Date "2022.12.09"]
[Round "5.1"]
[White "Boruchovsky, Avital"]
[Black "Gorshtein, Ido"]
[Result "1/2-1/2"]
[ECO "B12"]
[WhiteElo "2552"]
[BlackElo "2469"]
[Annotator "TA"]
[PlyCount "56"]
[EventDate "2022.12.05"]
[EventType "swiss"]
[EventCountry "ISR"]
[SourceTitle "playchess.com"]
[Source "ChessBase"]
[SourceQuality "1"]
[TimeControl "40/5400+30:1800+30"]

1. e4 c6 2. d4 d5 3. e5 Bf5 4. h4 a6 5. g4 Bd7 6. c4 {[%emt 0:00:18][%cal Bc2c4,Bc4c5][%mdl 32] [#] Inhibits c5. B12: Caro-Kann: Advance Variation.} h5 $146 ({Predecessor:} 6... Qc8 7. cxd5 cxd5 8. Be2 Nc6 9. Nc3 e6 10. Be3 h5 11. gxh5 Nh6 12. Bd3 Nb4 13. Bb1 Qc7 14. Nge2 Nc6 15. Bd3 Nb4 16. Bb1 Nc6 17. Bd3 Nb4 {½-½ (17) Sarkar,J (2352)-Mirzoev,A (2435) Prague 2022}) 7. g5 Bf5 {[%emt 0:02:11] Inhibits g6.} 8. Nc3 (8. Bh3 $14 Be4 9. f3 Bxb1 10. Rxb1) 8... e6 $11 9. c5 b6 10. b4 a5 11. Na4 Nd7 12. b5 Ne7 (12... bxc5 {with more complications.} 13. bxc6 Nb6 14. Bb5 Qc7) 13. Be3 (13. Ba3 {feels hotter.} bxc5 14. Nxc5 Ng6 15. Nb7) 13... bxc5 14. Nxc5 {[%emt 0:00:05] [#] Threatens to win with Nb7.} Nxc5 (14... Ng6 $1 $15) 15. dxc5 Ng6 16. Bd4 Be7 17. b6 f6 18. exf6 gxf6 19. Bd3 {[%emt 0:00:17] Prevents e5.} Bxd3 20. Qxd3 Rg8 (20... Nf4 $16 21. Qc2 e5) 21. Nf3 $18 e5 22. gxf6 Bxf6 {[%emt 0:00:07] [#]} 23. Qf5 $1 exd4 (23... Qe7 24. O-O-O) 24. Kf1 {[%emt 0:01:29] Strongly threatening Re1+.} Be7 (24... Nxh4 $2 25. Re1+ Kf8 26. Rxh4) 25. Qe6 (25. Ng5 $142 {Hoping for Qf7+.} Bxg5 26. hxg5) 25... Kf8 (25... Rg7) 26. Qf5+ (26. Qxc6 Rc8 27. Qe6 Rxc5 $11) (26. Rg1 Qc8 27. Rxg6 Rxg6 28. Qxg6 Qh3+ 29. Ke2 d3+ 30. Qxd3 (30. Kxd3 $2 Qxf3+ 31. Kd2 Qxf2+ 32. Kd3 Qf3+ 33. Kd2 Qf4+ 34. Kd1 Qd4+ 35. Kc2 Qxc5+ 36. Kd1 Qd4+ 37. Ke2 Qe5+ 38. Kf3 Qxa1 $19) (30. Ke3 Bxc5+ 31. Kf4 Qg4+ 32. Qxg4 hxg4 $11) 30... Bxc5 $14) 26... Ke8 27. Qe6 Kf8 {[%emt 0:00:07][%csl LRc5,LRh4] aiming for ...Qc8.} (27... Rg7 $2 28. Qxc6+ Kf7 29. Nxd4 $18 (29. Re1 Kg8 $18)) 28. Qf5+ ({Weaker is} 28. Qxc6 Rc8 29. Qe6 Rxc5 $11) (28. Rg1 Qc8 29. Rxg6 Rxg6 30. Qxg6 Qh3+ 31. Ke2 d3+ 32. Qxd3 (32. Kxd3 Qxf3+ 33. Kd2 Qxf2+ 34. Kd1 Qd4+ 35. Kc2 Qxc5+ 36. Kd2 Qf2+ 37. Kd1 Qf3+ 38. Kc1 Ba3+ 39. Kd2 Bb4+ 40. Kc1 Qc3+ 41. Kb1 Qe1+ 42. Kc2 Qxa1 43. Qf5+ Ke7 44. b7 Qxa2+ 45. Kc1 Ba3+ 46. Kd1 Qa1+ 47. Kd2 Bb4+ 48. Kc2 Qa2+ 49. Kc1 Ba3+ 50. Kd1 Qa1+ 51. Ke2 Qb2+ 52. Kd1 Rf8 53. b8=Q Qxb8 54. Qd3 Qb4 55. Qe3+ Kd7 56. Qh3+ Kd8 57. Qe3 Qb2 58. Qg5+ Kd7 59. Qd2 Qb1+ 60. Ke2 Qf1+ 61. Ke3 Re8+ 62. Kd4 Qc4#) (32. Ke3 Bxc5+ 33. Kf4 Qg4+ 34. Qxg4 Bd6+ 35. Kf5 hxg4 $11) 32... Bxc5 $11) 28... Ke8 $1 {[%emt 0:00:08][%mdl 32768] Weighted Error Value: White=0.47/Black=0.39. An unexpected result.} 1/2-1/2

[Event "Israeli Championship 2022"]
[Site "Yosiah Arad"]
[Date "2022.12.09"]
[Round "5.2"]
[White "Parkhov, Yair"]
[Black "Bronstein, Or"]
[Result "1/2-1/2"]
[ECO "B96"]
[WhiteElo "2470"]
[BlackElo "2442"]
[Annotator "TA"]
[PlyCount "51"]
[EventDate "2022.12.05"]
[EventType "swiss"]
[EventCountry "ISR"]
[SourceTitle "playchess.com"]
[Source "ChessBase"]
[SourceQuality "1"]
[TimeControl "40/5400+30:1800+30"]

1. e4 c5 2. Nf3 d6 3. d4 cxd4 4. Nxd4 Nf6 5. Nc3 a6 6. Bg5 e6 7. f4 h6 8. Bh4 Qb6 9. Qd3 {[%emt 0:01:47] B96: Sicilian Najdorf: 6 Bg5 e6 7 f4, lines other than 7...Qb6 and 7...Be7.} Qxb2 {[%emt 0:00:40] The position is equal.} 10. Rb1 Qa3 11. f5 Be7 12. fxe6 Bxe6 13. e5 (13. Rxb7 Nbd7 14. Be2 Rc8 15. Nxe6 (15. Qxa6 $2 Qxc3+ 16. Kf1 Qxd4 $19) 15... fxe6 $15) 13... dxe5 14. Nxe6 fxe6 15. Bxf6 $1 (15. Rxb7 O-O 16. Nd1 (16. Qg3 $2 Nh5 $19) 16... Nc6 17. Bxf6 (17. Qg6 $2 Bb4+ 18. Rxb4 Qxb4+ $19) 17... Rxf6 18. Qxa3 Bxa3 $17) 15... gxf6 16. Be2 {[%emt 0:00:07] [#] And now Bh5+ would win.} e4 ({Resist} 16... Rg8 17. O-O Rg7 18. Kh1 $16 (18. Rxb7 Nc6 $16) (18. Bh5+ Kf8 $11)) 17. Qc4 Nc6 {[%emt 0:02:34] [#] Hoping for ...0-0-0.} 18. Bh5+ $146 ({Predecessor:} 18. Nxe4 Qa5+ 19. c3 Qd5 20. O-O Qxc4 21. Bxc4 f5 22. Ng3 Nd8 23. Nh5 b5 24. Bb3 {½-½ (112) Geske,J (2402)-Maksimenko,A (2547) Austria 2014}) 18... Kf8 {[%emt 0:00:16] White must now prevent ...Na5.} 19. O-O $1 Qc5+ 20. Qxc5 {[%emt 0:00:10] Dancing on a razor blade.} Bxc5+ 21. Kh1 Bd4 22. Nxe4 b5 23. Nxf6 {[%emt 0:01:14] [#] aiming for Nd5+.} (23. c3 $5 Be5 $8 24. Nxf6 $11) 23... Ke7 $1 24. Ne4 {[%emt 0:00:39] Strongly threatening Rf7+.} Rhf8 {[%emt 0:00:32] Inhibits Rf7+.} 25. c3 Bb6 26. Be2 {[%emt 0:01:47] An interesting draw.   Weighted Error Value: White=0.03 (flawless) /Black=0.02 (flawless)} 1/2-1/2